 Dungeon Crawl Stone Soup version 0.26-a0-1086-g9010512d90 (webtiles) character file.

Game seed: 12469859777796240775

319810 sahdkjhfkaj the Messiah (level 21, -5/199 (201) HPs)
             Began as a Hill Orc Monk on Dec 15, 2020.
             Was the Champion of Beogh.
             Splashed by a deep elf sorcerer's acid (18 damage)
             ... on level 3 of the Elven Halls.
             The game lasted 01:27:10 (60102 turns).

sahdkjhfkaj the Messiah (Hill Orc Monk)            Turns: 60102, Time: 01:27:10

HP:   -5/199 (201)  AC: 40    Str: 27    XL:     21   Next: 48%
MP:   35/35         EV: 13    Int: 12    God:    Beogh [******]
Gold: 4843          SH: 15    Dex: 15    Spells: 19/20 levels left

rFire    . . .     SeeInvis .   a - +6 broad axe (vorpal)
rCold    . . .     Faith    +   W - +0 kite shield
rNeg     . . .     Spirit   .   j - +12 crystal plate armour "Quacliecw" {rElec rPois Str+3 Int+2}
rPois    +         Reflect  .   b - +1 helmet
rElec    +         Harm     .   B - +2 cloak
rCorr    .         Rampage  .   P - +0 pair of gloves
Will     +++..                  Z - +0 pair of boots of Nempushi {rElec Dex+2}
Stlth    ..........             T - amulet of faith {!P}
HPRegen  0.43/turn              R - ring of willpower
MPRegen  0.24/turn              n - ring of willpower

@: corroded, lightly drained
A: walk on water
}: 2/15 runes: decaying, gossamer
a: Smiting, Recall Orcish Followers, Give Item to Named Follower, Resurrection,
Renounce Religion


You were on level 3 of the Elven Halls.
You worshipped Beogh.
Beogh was exalted by your worship.
You visited 7 branches of the dungeon, and saw 38 of its levels.
You visited 1 bazaar.
You also visited: Bailey, Gauntlet and Volcano.

You collected 5005 gold pieces.
You spent 162 gold pieces at shops.

Inventory:

Hand Weapons
 a - a +6 vorpal broad axe (weapon)
   (You acquired it on level 7 of the Dungeon)
Missiles
 D - 9 throwing nets (quivered) {!f}
Armour
 b - a +1 helmet (worn)
   (You found it on level 2 of the Elven Halls)
 j - the +12 crystal plate armour "Quacliecw" (worn) {rElec rPois Str+3 Int+2}
   (You acquired it on level 4 of the Lair of Beasts)

   It affects your strength (+3).
   It affects your intelligence (+2).
   It insulates you from electricity.
   It protects you from poison.
 B - a +2 cloak (worn)
   (You found it on level 3 of the Spider Nest)
 P - a +0 pair of gloves (worn)
   (You found it on level 1 of the Dungeon)
 W - a +0 kite shield (worn)
   (You took it off a tengu warrior on level 15 of the Dungeon)
 Z - the +0 pair of boots of Nempushi (worn) {rElec Dex+2}
   (You found it on level 3 of the Vaults)

   It affects your dexterity (+2).
   It insulates you from electricity.
Jewellery
 i - an uncursed ring of protection from fire
   (You found it on level 8 of the Dungeon)
 n - a ring of willpower (right hand)
   (You found it on level 4 of the Spider Nest)
 o - an uncursed ring of protection from cold
   (You found it on level 1 of the Swamp)
 z - an uncursed ring of magical power
   (You found it on level 1 of the Lair of Beasts)
 I - a +4 ring of protection
   (You found it on level 2 of the Lair of Beasts)
 R - a ring of willpower (left hand)
   (You found it on level 4 of the Lair of Beasts)
 T - an amulet of faith (around neck) {!P}
   (You found it on level 6 of the Lair of Beasts)
 X - a +4 ring of evasion
   (You found it on level 1 of the Spider Nest)
Wands
 c - a wand of disintegration (30)
   (You found it on level 5 of the Lair of Beasts)
 d - a wand of iceblast (16)
   (You found it on level 11 of the Dungeon)
 t - a wand of flame (39)
   (You found it on level 10 of the Dungeon)
 u - a wand of paralysis (40)
   (You found it on level 8 of the Dungeon)
 v - a wand of digging (37)
   (You found it in a Gauntlet)
 x - a wand of acid (21)
   (You found it on level 6 of the Dungeon)
 A - a wand of enslavement (1)
   (You took it off Maurice on level 10 of the Dungeon)
 E - a wand of polymorph (41)
   (You found it on level 6 of the Dungeon)
Scrolls
 f - 12 scrolls of teleportation {@r4}
 g - 20 scrolls of remove curse {@r2}
 k - 3 scrolls of fog
 s - 6 scrolls of magic mapping
 C - 5 scrolls of fear
 F - 16 scrolls of enchant armour
 L - 14 scrolls of identify {@r1}
 M - 4 scrolls of immolation {!r}
 N - 3 scrolls of vulnerability {!r}
 O - a scroll of summoning
 U - 4 scrolls of torment {!r}
 V - 7 scrolls of blinking
Potions
 h - 5 potions of attraction {!q}
 l - 6 potions of brilliance
 m - 7 potions of lignification {!q}
 p - 8 potions of heal wounds {@q2}
 q - a potion of cancellation
 r - 8 potions of mutation {!q}
 w - 2 potions of resistance
 y - 2 potions of flight
 H - 14 potions of curing {@q1}
 J - 14 potions of might
 Q - 10 potions of haste {@q3}
 S - 2 potions of berserk rage
 Y - 3 potions of magic
Miscellaneous
 G - a condenser vane
   (You found it on level 1 of the Elven Halls)


   Skills:
 + Level 20.1 Fighting
 - Level 20.0 Axes
 + Level 18.6 Armour
 + Level 13.2 Dodging
 - Level 1.5 Stealth
 - Level 15.0 Shields
 + Level 21.1 Invocations


You had 19 spell levels left.
You knew the following spells:

 Your Spells              Type           Power        Failure   Level
c - Apportation           Tloc           #.....       99%         1

Your spell library contained the following spells:

 Spells                   Type           Power        Failure   Level
 Animate Skeleton         Necr           #.....       99%         1
 Beastly Appendage        Tmut           #.....       99%         1
 Corona                   Hex            #......      99%         1
 Magic Dart               Conj           #...         99%         1
 Sandblast                Erth           #.....       99%         1
 Shock                    Conj/Air       #...         99%         1
 Sting                    Tmut/Pois      #...         99%         1
 Summon Small Mammal      Summ           #...         99%         1
 Blink                    Tloc           N/A          100%        2
 Corpse Rot               Necr/Air       N/A          100%        2
 Ensorcelled Hibernation  Hex/Ice        #.....       100%        2
 Passwall                 Tmut/Erth      #.......     100%        2
 Poisonous Vapours        Pois/Air       #.....       100%        2
 Searing Ray              Conj           #.....       100%        2
 Slow                     Hex            #.......     100%        2
 Sublimation of Blood     Necr           #.........   100%        2
 Swiftness                Air            #.......     100%        2
 Dazzling Flash           Conj/Hex       #.....       100%        3
 Gell's Gravitas          Tloc           #.........   100%        3
 Ignite Poison            Fire/Tmut/Pois #.......     100%        3
 Inner Flame              Hex/Fire       #.......     100%        3
 Lesser Beckoning         Tloc           #.........   100%        3
 Mephitic Cloud           Conj/Pois/Air  #.......     100%        3
 Portal Projectile        Hex/Tloc       #.....       100%        3
 Spider Form              Tmut/Pois      #.........   100%        3
 Static Discharge         Conj/Air       #.......     100%        3
 Stone Arrow              Conj/Erth      #.....       100%        3
 Teleport Other           Tloc           #.......     100%        3
 Tukima's Dance           Hex            #.......     100%        3
 Vampiric Draining        Necr           #.........   100%        3
 Airstrike                Air            #.........   100%        4
 Cause Fear               Hex            #.........   100%        4
 Dispel Undead            Necr           #.......     100%        4
 Fulminant Prism          Conj/Hex       #.........   100%        4
 Iskenderun's Mystic Bla  Conj/Tloc      #.......     100%        4
 Leda's Liquefaction      Hex/Erth       #.........   100%        4
 Olgreb's Toxic Radiance  Pois           #.......     100%        4
 Passage of Golubria      Tloc           N/A          100%        4
 Petrify                  Tmut/Erth      #.......     100%        4
 Agony                    Necr           #.......     100%        5
 Borgnjor's Vile Clutch   Necr/Erth      #.........   100%        5
 Excruciating Wounds      Necr           #.........   100%        5
 Iskenderun's Battlesphe  Conj           #.......     100%        5
 Lee's Rapid Deconstruct  Erth           #.........   100%        5
 Lightning Bolt           Conj/Air       #.........   100%        5
 Silence                  Hex/Air        #.........   100%        5
 Yara's Violent Unravell  Hex/Tmut       #.........   100%        5
 Eringya's Noxious Bog    Tmut/Pois      #.........   100%        6
 Iron Shot                Conj/Erth      #.........   100%        6
 Shadow Creatures         Summ           N/A          100%        6
 Starburst                Conj/Fire      #.........   100%        6
 Ignition                 Fire           #.........   100%        8
 Shatter                  Erth           #.........   100%        9
 Tornado                  Air            #.........   100%        9


Dungeon Overview and Level Annotations

Branches:
Dungeon (15/15)            Temple (0/1) D:5            Lair (6/6) D:11
  Swamp (4/4) Lair:4       Spider (4/4) Lair:4        Slime (0/5) Lair:5
    Orc (2/2) D:11            Elf (3/3) Orc:2        Vaults (4/5) D:14
  Crypt (0/3) Vaults:2     Depths (0/5) D:15         Bailey (visited)
Volcano (visited)         Gauntlet (visited)

Altars:
Ashenzari
Cheibriados
Dithmenos
Fedhas
Gozag
Hepliaklqana
Ru
Xom
Zin
The Shining One
Beogh
Jiyva

Shops:
D:11 [   D:14 }   Orc:2 =:([

Annotations:
Lair:6 1 runed translucent door
Swamp:4 1 runed translucent door, pkoi's ghost, adept MiGl
Spider:3 1 runed translucent door, dolemite99's ghost, adept HOFi
Elf:3 4 exclusions


Message History

Your orc wizard gestures wildly while chanting.
Your orc wizard flickers and vanishes for a moment.
The deep elf sorcerer hits you but does no damage.
The deep elf sorcerer blocks your attack.
You block the deep elf sorcerer's attack.
You barely miss the deep elf sorcerer.
The deep elf sorcerer casts a spell at you.
The bolt of acid hits you!! The acid corrodes you!
You are splashed with acid!
* * * LOW HITPOINT WARNING * * *
The bolt of acid hits Marbaugh!
Marbaugh is splashed with acid.
The bolt of acid hits your orc wizard!!
Your orc wizard is splashed with acid!
The acid corrodes your orc wizard!
Your orc wizard dies!
The bolt of acid misses your orc wizard.
You are too injured to fight recklessly!
Unknown command.
You slash the deep elf sorcerer!
You block the deep elf sorcerer's attack.
Unknown command.
You slash the deep elf sorcerer!
The deep elf sorcerer completely misses you.
Unknown command.
You barely miss the deep elf sorcerer. You slash the deep elf high priest!
The deep elf sorcerer points at you and mumbles some strange words.
The bolt of acid hits you!!
* * * LOW HITPOINT WARNING * * *
The acid corrodes you!
You are splashed with acid!
* * * LOW HITPOINT WARNING * * *
The bolt of acid hits Marbaugh!!
Marbaugh is splashed with acid.
The acid corrodes Marbaugh!
Marbaugh dies!
The bolt of acid hits your orc wizard!!
Your orc wizard is splashed with acid.
The acid corrodes your orc wizard!
Your orc wizard dies!
The bolt of acid hits your orc!!!
Your orc is splashed with acid!
The acid corrodes your orc!
Your orc dies!
The deep elf sorcerer blocks your attack.
You barely miss the deep elf high priest.
You block the deep elf sorcerer's attack.
The deep elf high priest mumbles some strange prayers.
The deep elf high priest barely misses you.
Unknown command.
You slash the deep elf sorcerer!
You hit the deep elf high priest but do no damage.
The deep elf sorcerer casts a spell at you.
The bolt of acid hits you!!!
* * * LOW HITPOINT WARNING * * *
You are splashed with acid!!
You die...

*,****,,** *****,,,,,,,,,,,
*,,,,,,*,**## *,,,,,,******
*********,*.#**,,.,,**,,,,,
**,.#*,,..,**,,,,**
**.#*,...**,,,,**,
*.##..,,**+****,,
######...,,,,*,,,***,,
#....ee#*,,,,,,,,*,+,,
#.###@#**,,,,,,⌠,*,*,,
#.##)## *,,,,,,,,*,**,
#####.#)## *,,,,,,,,*,,**
****#.))..)##
**,,,,,,,*,,,* *,....#.(..#
*,,,,,,,*,,,* *,#*,*##..(##
**,,,,,,**,,* *,*,**
##..(## *,,,,,,,**,+ *,,**
##.#.## **,,,,,,,*** *,**
##.#.#### **,,,,,,,**


You could see a deep elf sorcerer (fast, empowered) and a deep elf high priest
(brilliance aura).

Vanquished Creatures
  the Lernaean hydra (Swamp:4)
  Arachne (Spider:3)
  A lich (Vaults:4)
  A titan (Vaults:3)
  2 deep elf blademasters (Elf:2)
  2 acid blobs (Lair:5)
  Kirke (Spider:4)
  2 storm dragons
  3 tengu reavers
  A frost giant (Vaults:3)
  3 fire giants
  5 ghost moths
  3 vault wardens
  2 iron dragons (Elf:1)
  4 deep elf elementalists
  3 emperor scorpions (Spider:4)
  The ghost of Ikheod the Impaler, a journeyman MfGl of Okawaru (Lair:6)
  7 ironheart preservers
  The ghost of robertstho the Thaumaturge, a journeyman GnIE of Vehumet (Lair:6)
  3 very ugly things (Vaults:1)
  7 stone giants
  2 bunyips
  A deep elf annihilator (Elf:3)
  4 deep elf demonologists
  5 entropy weavers
  A minotaur (Gauntlet)
  4 eleionomae
  A dire elephant (Lair:3)
  4 deep elf death magi
  3 ogre magi
  2 deep elf high priests (Elf:1)
  5 yaktaur captains
  The ghost of Mekumou the Unseen, a journeyman SpEn of Ashenzari (Lair:6)
  2 fire dragons
  A great orb of eyes (Gauntlet)
  3 vault guards
  22 hydras
  6 boulder beetles
  5 ice dragons
  A rakshasa (Vaults:1)
  A catoblepas (Lair:6)
  2 ghost crabs
  5 centaur warriors
  A large abomination (Elf:2)
  8 dancing weapons
  2 death knights
  10 alligators
  4 two-headed ogres
  A two-headed ogre (shapeshifter) (Vaults:3)
  A deep troll earth mage (Vaults:4)
  2 tengu warriors (D:15)
  A queen ant (Spider:2)
  16 deep elf knights
  3 skeletal warriors
  5 goliath frogs
  A glowing orange brain (Vaults:3)
  5 deep trolls
  2 wizards
  10 swamp dragons
  2 unseen horrors
  A lindwurm (Lair:5)
  3 flayed ghosts
  A tengu zombie (Vaults:4)
  2 spriggan druids
  9 harpies
  15 deep elf archers
  A harpy (shapeshifter) (Vaults:1)
  3 orc knights
  4 bog bodies
  35 deep elf magi
  4 oklob plants (Lair:4)
  3 phantasmal warriors
  20 ugly things
  9 ironbrand convokers
  2 necromancers
  3 will-o-the-wisps
  26 wolf spiders
  12 orb spiders
  3 orc sorcerers (Orc:2)
  A moth of wrath (shapeshifter) (Vaults:3)
  3 cyclopes (Vaults:2)
  A moth of wrath (Spider:4)
  13 elephants
  A centaur zombie (D:13)
  A fire giant zombie (Vaults:3)
  3 black mambas
  3 torpor snails
  3 vault sentinels
  A stone giant skeleton (Vaults:1)
  4 cane toads
  2 human zombies (Vaults:4)
  6 freezing wraiths
  A yaktaur zombie (Vaults:3)
  20 demonic crawlers
  5 rime drakes
  A small abomination (Elf:3)
  8 yaktaurs
  4 komodo dragons
  An ice devil (Gauntlet)
  A troll (shapeshifter) (Vaults:1)
  2 tengu conjurers (D:15)
  2 trolls
  A polar bear (Lair:3)
  31 jumping spiders
  20 hornets
  8 tyrant leeches
  A tengu simulacrum (Vaults:4)
  3 slime creatures
  4 blink frogs
  A stone giant simulacrum (Vaults:3)
  3 dream sheep (Lair:6)
  An ettin zombie (Vaults:4)
  A yak (shapeshifter) (D:15)
  36 tarantellas
  8 wyverns
  3 vampires (Vaults:2)
  85 redbacks
  2 water elementals (Elf:1)
  25 yaks
  7 spriggans
  2 tarantellas (shapeshifter) (Vaults:4)
  12 humans (D:14)
  6 wraiths
  3 fire elementals
  3 basilisks
  A yaktaur simulacrum (Vaults:3)
  9 vampire mosquitoes
  3 steam dragons
  2 wargs
  10 swamp worms
  13 soldier ants (Spider:2)
  A harpy simulacrum (D:15)
  A hell hound (Lair:4)
  3 water moccasins
  5 orc warriors
  7 black bears
  8 swamp drakes
  4 sky beasts
  13 ogres
  2 phantoms
  A tengu (shapeshifter) (Vaults:3)
  8 wolves
  17 centaurs
  A big kobold (shapeshifter) (Elf:3)
  3 big kobolds (D:13)
  Blork the orc (D:5)
  2 gnoll sergeants (Bailey)
  14 bullfrogs
  2 earth elementals (Elf:1)
  A human skeleton (Vaults:3)
  A deep troll simulacrum (Vaults:1)
  A hornet simulacrum (Gauntlet)
  3 human simulacra
  A water moccasin skeleton (D:7)
  A wight (D:12)
  4 electric eels
  3 howler monkeys
  A quasit (D:7)
  A bullfrog zombie (D:6)
  2 bullfrog skeletons
  5 jellies
  7 orc priests
  5 hounds
  9 orc wizards
  2 centaur skeletons
  Jessica (D:2)
  3 gnoll shamans (Bailey)
  10 hell rats
  4 iguanas
  26 worker ants
  2 bullfrog simulacra (Gauntlet)
  A worker ant zombie (D:5)
  7 adders
  17 gnolls
  2 shadow imps
  5 white imps
  An ooze (D:6)
  2 adder skeletons
  3 dart slugs
  5 leopard geckos
  31 orcs
  3 bats
  4 giant cockroaches
  4 goblins
  7 hobgoblins
  5 jackals
  25 kobolds
  2 quokkas
  A ball python (D:3)
  4 frilled lizards
  A leopard gecko zombie (D:5)
  5 rats
  3 crawling corpses (Elf:3)
1080 creatures vanquished.

Vanquished Creatures (collateral kills)
  Rupert (Lair:4)
  A deep elf master archer (Elf:2)
  Gastronok (Lair:2)
  The ghost of streetpizza the Thaumaturge, an adept DsWn of Kikubaaqudgha (Lair:6)
  4 vault wardens
  A frost giant (Vaults:3)
  A deep elf sorcerer (Elf:3)
  An emperor scorpion (Spider:2)
  2 ironheart preservers (Vaults:3)
  A deep elf elementalist (Elf:2)
  A ghoul (Vaults:4)
  A bunyip (Swamp:2)
  A deep elf annihilator (Elf:2)
  Josephine (D:15)
  An ettin (D:15)
  A deep elf death mage (Elf:2)
  Snorg (D:14)
  4 fire dragons
  2 ogre magi
  2 hydras (Lair:6)
  A deep elf high priest (Elf:2)
  An ice dragon (Vaults:1)
  2 boulder beetles
  2 death knights
  A two-headed ogre (shapeshifter) (Vaults:1)
  A catoblepas (Lair:4)
  A dancing weapon (Elf:2)
  4 two-headed ogres
  2 centaur warriors (D:14)
  An orc high priest (Orc:2)
  A deep troll earth mage (Vaults:1)
  2 deep elf knights
  2 slime creatures (D:14)
  A shadow wraith (Vaults:4)
  5 skeletal warriors
  A storm dragon skeleton (Vaults:3)
  2 deep trolls (Vaults:1)
  A bog body (Lair:4)
  A phantasmal warrior (D:15)
  An unseen horror (D:11)
  2 swamp dragons
  4 deep elf archers
  3 ironbrand convokers (Vaults:1)
  A wolf spider zombie (D:15)
  3 wizards
  2 lindwurms (Lair:6)
  3 harpies
  A necromancer (Vaults:3)
  13 ugly things
  2 orc knights (Vaults:1)
  An orc sorcerer (Orc:1)
  12 deep elf magi
  4 wolf spiders
  3 cyclopes
  A manticore (Lair:4)
  17 elephants
  Maurice (D:10)
  3 black mambas
  8 vault sentinels
  5 torpor snails (Lair:6)
  8 cane toads
  2 demonic crawlers (Spider:3)
  3 komodo dragons
  7 rime drakes
  7 yaktaurs
  A kobold demonologist (D:13)
  2 freezing wraiths (D:15)
  A polar bear (shapeshifter) (D:13)
  4 jumping spiders
  8 hornets
  2 polar bears
  A wind drake (shapeshifter) (Vaults:1)
  3 trolls
  2 tyrant leeches (Lair:6)
  16 blink frogs
  2 dream sheep (Lair:6)
  A redback (Spider:4)
  30 yaks
  A tarantella (Spider:4)
  A spriggan (Lair:3)
  3 wraiths (D:15)
  A vampire (D:15)
  7 wyverns
  2 fire elementals (Elf:1)
  2 basilisks (Lair:4)
  4 steam dragons
  8 humans (D:14)
  A vampire mosquito (D:14)
  3 wargs (D:11)
  A swamp worm (Swamp:2)
  9 water moccasins
  2 black bears
  An eye of draining (D:14)
  3 ice beasts
  3 orc warriors
  6 ogres
  11 wolves
  5 centaurs
  A human skeleton (Vaults:1)
  5 big kobolds
  5 bullfrogs
  3 wights (D:12)
  A bullfrog zombie (D:11)
  2 jellies
  5 orc priests
  8 orc wizards
  2 bullfrog skeletons (D:9)
  3 centaur skeletons
  7 hell rats
  2 iguanas
  3 worker ants
  2 gnolls (D:8)
  3 adders
  An adder skeleton (D:8)
  18 orcs
  A goblin (D:8)
  A hobgoblin (D:8)
  11 kobolds
  A quokka (D:12)
410 creatures vanquished.

Vanquished Creatures (others)
  A vampire knight (Vaults:2)
  A deep elf annihilator (Elf:2)
  An eleionoma (Swamp:4)
  8 orc knights
  2 deep elf magi (Elf:2)
  6 bloated husks
  18 orc warriors
  3 humans (Spider:4)
  A hornet zombie (D:9)
  A sky beast (D:11)
  A black bear (D:10)
  18 orc priests
  19 orc wizards
  45 orcs
  An adder (D:3)
  A quokka (D:11)
  A leopard gecko skeleton (D:9)
  8 foxfires
  91 fungi
  80 plants
307 creatures vanquished.

Grand Total: 1797 creatures vanquished

Notes
Turn   | Place    | Note
-------+----------+-------------------------------------------
     0 | D:1      | sahdkjhfkaj the Hill Orc Monk began the quest for the Orb.
     0 | D:1      | Reached XP level 1. HP: 19/19 MP: 1/1
   258 | D:1      | Reached XP level 2. HP: 26/26 MP: 2/2
   310 | D:1      | Reached skill level 5 in Axes
   511 | D:1      | Reached XP level 3. HP: 31/31 MP: 3/3
  1189 | D:2      | Reached XP level 4. HP: 34/40 MP: 4/4
  1281 | D:2      | Noticed Jessica
  1288 | D:2      | Killed Jessica
  1394 | D:2      | Reached skill level 1 in Armour
  2060 | D:3      | Reached XP level 5. HP: 46/46 MP: 5/5
  2158 | D:3      | Became a worshipper of Beogh the Brigand
  2158 | D:3      | Reached * piety under Beogh
  2158 | D:3      | Reached ** piety under Beogh
  2523 | D:3      | Found a faded altar of an unknown god.
  2829 | D:3      | Reached XP level 6. HP: 51/53 MP: 6/6
  3771 | D:5      | Entered Level 5 of the Dungeon
  3857 | D:5      | Noticed a water moccasin
  3886 | D:5      | Killed a water moccasin
  3887 | D:5      | Reached skill level 5 in Fighting
  3887 | D:5      | Reached skill level 1 in Invocations
  3887 | D:5      | Reached XP level 7. HP: 26/61 MP: 0/7
  4172 | D:5      | Got a smoking rapier
  4208 | D:5      | Noticed Blork the orc
  4237 | D:5      | Killed Blork the orc
  4238 | D:5      | Reached skill level 2 in Invocations
  4535 | D:5      | Found a staircase to the Ecumenical Temple.
  4603 | D:5      | Reached skill level 3 in Invocations
  4603 | D:5      | Reached XP level 8. HP: 46/70 MP: 10/10
  5233 | D:6      | Reached *** piety under Beogh
  5337 | D:6      | Got a warped leather armour
  5458 | D:6      | Got an ichor-stained falchion
  5622 | D:6      | Reached skill level 10 in Axes
  5703 | D:6      | Noticed Prince Ribbit
  5707 | D:6      | Noticed Prince Ribbit
  5707 | D:6      | Prince Ribbit changed into Prince Ribbit the sky beast
  5712 | D:6      | Reached skill level 4 in Invocations
  5738 | D:6      | Killed Prince Ribbit the sky beast
  6182 | D:6      | Found a glowing silver altar of Zin.
  6182 | D:6      | Found a faded altar of an unknown god.
  6187 | D:6      | Found a faded altar of an unknown god.
  6189 | D:6      | Found a snail-covered altar of Cheibriados.
  6191 | D:6      | Found a shimmering altar of Xom.
  6486 | D:7      | Found an opulent altar of Gozag.
  6622 | D:7      | Found a shadowy altar of Dithmenos.
  6622 | D:7      | Found a blossoming altar of Fedhas.
  6622 | D:7      | Found a glowing golden altar of the Shining One.
  6622 | D:7      | Found a sacrificial altar of Ru.
  6641 | D:7      | Reached skill level 5 in Armour
  6645 | D:7      | Got a dazzling falchion
  6826 | D:7      | Reached XP level 9. HP: 78/78 MP: 12/12
  7170 | D:7      | Reached skill level 5 in Invocations
  7229 | D:7      | Identified 3 scrolls of acquirement
  7230 | D:7      | Acquired a manual of Shields
  7232 | D:7      | Acquired a +0 broad axe of freezing
  7236 | D:7      | Acquired a manual of Axes
  7296 | D:8      | Found a flagged portal.
  7305 | Bailey   | Entered a bailey
  8410 | D:8      | Reached **** piety under Beogh
  8415 | D:8      | Reached skill level 6 in Invocations
  9576 | D:9      | Noticed a two-headed ogre
  9584 | D:9      | Killed a two-headed ogre
  9585 | D:9      | Reached XP level 10. HP: 27/88 MP: 13/15
  9872 | D:9      | Paralysed by a hornet for 3 turns
  9873 | D:9      | Reached skill level 7 in Invocations
  9879 | D:9      | Found a hazy altar of Hepliaklqana.
 10873 | D:10     | Entered Level 10 of the Dungeon
 10960 | D:10     | Reached skill level 15 in Axes
 10967 | D:10     | Reached ***** piety under Beogh
 11480 | D:10     | Noticed Maurice
 11514 | D:10     | Killed Maurice
 11515 | D:10     | Reached skill level 8 in Invocations
 11862 | D:11     | Found a staircase to the Lair.
 11863 | D:11     | Noticed a boulder beetle
 12212 | D:11     | Found a staircase to the Orcish Mines.
 12229 | D:11     | Killed a boulder beetle
 12230 | D:11     | Gained Morguth as an ally
 12254 | D:11     | Reached XP level 11. HP: 34/97 MP: 11/17
 12306 | D:11     | Identified Sif Muna's Almanac of Dusty Hexes
 12647 | D:11     | Noticed a cyan ugly thing
 12655 | D:11     | Killed a cyan ugly thing
 12864 | D:11     | Killed an unseen horror
 12936 | D:11     | Reached skill level 9 in Invocations
 12940 | D:11     | Noticed a cyclops
 12942 | D:11     | Killed a cyclops
 12943 | D:11     | Found Miuvoi's Armour Shoppe.
 13259 | Lair:1   | Entered Level 1 of the Lair of Beasts
 13338 | Lair:1   | Reached skill level 10 in Fighting
 14473 | Lair:1   | Got a masterwork quarterstaff
 14569 | Lair:1   | Reached skill level 10 in Invocations
 15406 | Lair:2   | Reached XP level 12. HP: 104/108 MP: 19/19
 15445 | Lair:2   | Noticed Gastronok
 15455 | Lair:2   | Killed Gastronok
 16157 | Lair:3   | Gained Morun as an ally
 16475 | Lair:3   | Reached skill level 11 in Invocations
 16485 | Lair:3   | Noticed a dire elephant
 16493 | Lair:3   | Killed a dire elephant
 16520 | Lair:3   | Reached skill level 10 in Armour
 17565 | Lair:4   | Found a dark tunnel.
 17571 | Volcano  | Entered a volcano
 17876 | Lair:4   | Noticed a catoblepas
 17884 | Lair:4   | Killed a catoblepas
 17886 | Lair:4   | Reached XP level 13. HP: 113/117 MP: 21/21
 17926 | Lair:4   | Found a hole to the Spider Nest.
 18287 | Lair:4   | Found a staircase to the Swamp.
 18485 | Lair:4   | Reached skill level 12 in Invocations
 18534 | Lair:4   | Reached ****** piety under Beogh
 18825 | Lair:4   | Noticed Rupert
 18833 | Lair:4   | Killed Rupert
 19860 | Lair:5   | Found a runed translucent door.
 19861 | Lair:5   | Found a viscous altar of Jiyva.
 19862 | Lair:5   | Noticed an acid blob
 19863 | Lair:5   | Found a staircase to the Slime Pits.
 19863 | Lair:5   | Noticed an acid blob
 19994 | Lair:5   | Identified the Collected Works on Lethal Venom
 20444 | Lair:6   | Entered Level 6 of the Lair of Beasts
 20462 | Lair:6   | Reached skill level 13 in Invocations
 20818 | Lair:6   | Reached skill level 5 in Dodging
 20993 | Lair:6   | Reached XP level 14. HP: 116/129 MP: 19/23
 21425 | Lair:6   | Identified the Handbook of Shape Shifting and Combat Magic
 21928 | Lair:6   | Found a runed translucent gate.
 21928 | Lair:6   | Found a runed translucent gate.
 21928 | Lair:6   | Found a runed translucent gate.
 21928 | Lair:6   | Noticed robertstho's ghost (journeyman GnIE)
 21928 | Lair:6   | Noticed Ikheod's ghost (journeyman MfGl)
 21929 | Lair:6   | Noticed streetpizza's ghost (adept DsWn)
 21929 | Lair:6   | Noticed Mekumou's ghost (journeyman SpEn)
 21994 | Lair:6   | Found a runed translucent door.
 22042 | Lair:6   | Reached skill level 14 in Invocations
 23625 | D:13     | Found a gate leading to a gauntlet.
 23630 | Gauntlet | Entered a Gauntlet
 23630 | Gauntlet | Found a transporter.
 23630 | Gauntlet | Found a transporter.
 23787 | Gauntlet | Found a transporter.
 23803 | Gauntlet | Found a transporter.
 23803 | Gauntlet | Found a transporter.
 23803 | Gauntlet | Found a transporter.
 23805 | Gauntlet | Found a transporter.
 23805 | Gauntlet | Found a transporter.
 23813 | Gauntlet | Found a runed translucent door.
 23813 | Gauntlet | Found a runed translucent door.
 23817 | Gauntlet | Found a transporter.
 23833 | Gauntlet | Found a transporter.
 23842 | Gauntlet | Found the +8 frozen axe "Frostbite" {freezing cloud, *Noise
                  | +Fly rC+}
 23843 | Gauntlet | Found a transporter.
 23848 | Gauntlet | Found a transporter.
 23888 | Gauntlet | Found a transporter.
 23899 | Gauntlet | Found a transporter.
 24062 | Gauntlet | Paralysed by a great orb of eyes for 6 turns
 24142 | Gauntlet | Got a fine hat
 24153 | Gauntlet | Identified the cursed +0 hat of Nagyc {*Slow rC+ Dex+4
                  | Slay+3} (You found it in a Gauntlet)
 24185 | Gauntlet | Got a bone dagger
 24290 | D:13     | Found a broken altar of Ashenzari.
 24332 | D:13     | You fall into a shaft and drop 2 floors!
 24332 | D:15     | Entered Level 15 of the Dungeon
 24474 | D:15     | Gained Norbak as an ally
 24487 | D:15     | Your ally Norbak died
 24961 | D:14     | Reached XP level 15. HP: 139/139 MP: 26/26
 25553 | D:13     | Reached skill level 15 in Invocations
 26724 | D:14     | Noticed Snorg
 26728 | D:14     | Killed Snorg
 27131 | D:14     | Found Qonugae's Gadget Shop.
 27392 | D:14     | Found a gate to the Vaults.
 28054 | D:15     | Noticed Josephine
 28059 | D:15     | Killed Josephine
 28182 | D:15     | Reached skill level 15 in Fighting
 28752 | D:15     | Found a staircase to the Depths.
 29106 | Swamp:1  | Entered Level 1 of the Swamp
 29414 | Lair:4   | Acquired the +12 crystal plate armour "Quacliecw" {rElec
                  | rPois Str+3 Int+2}
 31384 | Swamp:2  | Reached skill level 16 in Invocations
 31704 | Swamp:1  | Reached XP level 16. HP: 122/149 MP: 28/28
 33189 | Swamp:3  | Found a broken altar of Ashenzari.
 33802 | Swamp:3  | Reached skill level 5 in Shields
 34686 | Swamp:4  | Entered Level 4 of the Swamp
 34689 | Swamp:4  | Reached skill level 10 in Shields
 35075 | Swamp:4  | Noticed the 27-headed Lernaean hydra
 35584 | Swamp:4  | Found a runed translucent door.
 35585 | Swamp:4  | Noticed pkoi's ghost (adept MiGl)
 35970 | Swamp:4  | Killed the 27-headed Lernaean hydra
 36373 | Swamp:4  | Reached XP level 17. HP: 155/157 MP: 29/29
 36574 | Swamp:4  | Reached skill level 15 in Shields
 36697 | Swamp:4  | Got a decaying rune of Zot
 37071 | Spider:1 | Entered Level 1 of the Spider Nest
 38476 | Spider:2 | Got an iridescent dagger
 39324 | Spider:2 | Reached skill level 17 in Invocations
 39854 | Spider:3 | Reached skill level 15 in Armour
 39861 | Spider:2 | Gained Blodwig as an ally
 39871 | Spider:2 | Your ally Blodwig died
 39874 | Spider:2 | Gained Murdo as an ally
 39921 | Spider:3 | Your ally Murdo died
 39927 | Spider:3 | Gained Boderik as an ally
 40105 | Spider:3 | Got a warped shortbow
 40290 | Spider:3 | Found a runed translucent door.
 40291 | Spider:3 | Found a shimmering altar of Xom.
 40291 | Spider:3 | Noticed dolemite99's ghost (adept HOFi)
 40470 | Lair:5   | Killed an acid blob
 40476 | Lair:5   | Killed an acid blob
 40753 | Lair:6   | Killed robertstho's ghost
 40754 | Lair:6   | Reached XP level 18. HP: 141/168 MP: 30/30
 40871 | Lair:6   | Killed streetpizza's ghost
 41298 | Lair:6   | Killed Mekumou's ghost
 41547 | Lair:6   | Found a runed translucent door.
 41719 | Lair:6   | Killed Ikheod's ghost
 42251 | Spider:3 | Reached skill level 10 in Dodging
 42625 | Spider:4 | Entered Level 4 of the Spider Nest
 42672 | Spider:4 | Noticed Kirke
 42677 | Spider:4 | Killed Kirke
 42939 | Spider:4 | Noticed Arachne
 42969 | Spider:3 | Killed Arachne
 43212 | Spider:4 | Gained Worak as an ally
 43299 | Spider:4 | Your ally Worak died
 43356 | Spider:4 | Got a twisted falchion
 43881 | Spider:4 | Reached skill level 18 in Invocations
 44362 | Spider:4 | Gained Berold as an ally
 44629 | Spider:4 | Your ally Berold died
 45012 | Spider:4 | Got a gossamer rune of Zot
 45313 | Vaults:1 | Entered Level 1 of the Vaults
 45409 | Vaults:1 | Gained Marbaugh as an ally
 45685 | Vaults:1 | Your ally Marbaugh died
 45951 | Vaults:1 | Reached XP level 19. HP: 179/179 MP: 32/32
 45952 | Vaults:1 | Gained Horkud as an ally
 47205 | Vaults:2 | Reached skill level 19 in Invocations
 47404 | Vaults:2 | Your ally Horkud died
 48281 | Vaults:2 | Found a staircase to the Crypt.
 49175 | Vaults:3 | Your ally Boderik died
 49182 | Vaults:3 | Gained Warrok as an ally
 49927 | Vaults:3 | Reached XP level 20. HP: 189/189 MP: 33/33
 49979 | Vaults:3 | Got a pair of encrusted boots
 49990 | Vaults:3 | Identified the +0 pair of boots of Nempushi {rElec Dex+2}
                  | (You found it on level 3 of the Vaults)
 51150 | Vaults:4 | Gained Alork as an ally
 51197 | Vaults:4 | Reached skill level 20 in Invocations
 51412 | Vaults:4 | Learned a level 1 spell: Apportation
 51426 | Vaults:4 | Acquired 887 gold pieces
 52036 | Vaults:4 | Noticed a Tzitzimitl
 52939 | Orc:1    | Entered Level 1 of the Orcish Mines
 53301 | Orc:2    | Entered Level 2 of the Orcish Mines
 53312 | Orc:2    | Found a flickering gateway to a bazaar.
 53317 | Bazaar   | Entered a bazaar
 53331 | Bazaar   | Found Ketei's Antique Weapon Boutique.
 53417 | Bazaar   | Found Teol's Armour Boutique.
 53441 | Bazaar   | Found Vokkaroo's Antique Weapon Boutique.
 53457 | Bazaar   | Bought a glowing scythe for 162 gold pieces
 53588 | Orc:2    | Found Ytaschib's Antique Armour Shop.
 53588 | Orc:2    | Found Foacvi's Jewellery Boutique.
 53588 | Orc:2    | Found Wiseyzot's Book Boutique.
 53809 | Orc:2    | Found Hoatreit's Weapon Shop.
 54382 | Orc:2    | Found a staircase to the Elven Halls.
 54695 | Orc:2    | Found a roughly hewn altar of Beogh.
 55592 | Elf:1    | Entered Level 1 of the Elven Halls
 55673 | Elf:1    | Got a steaming dire flail
 56350 | Elf:1    | Found a runed translucent gate.
 56350 | Elf:1    | Found a runed translucent gate.
 56350 | Elf:1    | Found a runed translucent gate.
 56350 | Elf:1    | Found a runed translucent gate.
 56350 | Elf:1    | Found a runed translucent gate.
 56865 | Elf:1    | Found a runed translucent gate.
 57649 | Elf:2    | Gained Warbeogh as an ally
 57936 | Elf:2    | Reached XP level 21. HP: 181/200 MP: 35/35
 58010 | Elf:2    | Found a runed translucent gate.
 58010 | Elf:2    | Found a runed translucent gate.
 58011 | Elf:2    | Found a runed translucent gate.
 58808 | Elf:2    | Gained Wardok as an ally
 59329 | Elf:3    | Entered Level 3 of the Elven Halls
 59425 | Elf:3    | Gained Oreg as an ally
 59425 | Elf:3    | Gained Oreg as an ally
 59428 | Elf:3    | Your ally Oreg died
 59583 | Elf:3    | Your ally Oreg died
 59585 | Elf:3    | Gained Argrim as an ally
 59589 | Elf:3    | Reached skill level 21 in Invocations
 59591 | Elf:3    | Your ally Argrim died
 59632 | Elf:2    | Gained Bogbarth as an ally
 60082 | Elf:3    | Gained Marbaugh as an ally
 60085 | Elf:3    | Identified the cursed -3 buckler "Begah" {*Slow rC+++ Str+4
                  | Slay+3}
 60100 | Elf:3    | Your ally Marbaugh died
 60102 | Elf:3    | Splashed by a deep elf sorcerer's acid

Illustrated notes

Levels and vault maps discovered:
D:1:      dpeg_arrival_simpleton_a, layout_basic, palyth_stone_intersect,
          roderic_lattice_a
D:2:      layout_loops_ring, serial_aquarium, aquarium_bridge_square
          [aquarium_subvault_window, aquarium_subvault_window,
          aquarium_subvault_bridge, aquarium_subvault_wall],
          aquarium_window_fake, aquarium_window_fake, aquarium_window_fake,
          aquarium_view_2e, aquarium_balcony_5a, uniq_jessica
D:3:      layout_basic, chequers_ecumenical_altar_simple_redux
D:4:      layout_basic
D:5:      layout_gridville, minmay_temple_entry_glassed_door, uniq_blork_the_orc
D:6:      layout_loops_ring, chequers_temple_overflow_minitemple,
          uniq_prince_ribbit1
D:7:      layout_basic, grunt_gozag_breadcrumbs,
          chequers_temple_overflow_statue_of_worship
D:8:      layout_layer_cave, enter_bailey_4, serial_glass, glass_columns_a,
          glass_columns_b
D:9:      layout_cave_pools, basic_altar, hangedman_decor_peaks_small,
          st_stairs_1
D:10:     layout_roguey, lemuel_flame_loot_1, uniq_maurice
D:11:     layout_loops_cross, erik_lair_island, minmay_orc_entry_guard_dogs,
          serial_shops, shop_statue
D:12:     layout_gridville
D:13:     layout_roguey, gauntlet_entry_generic, nicolae_ashenzari_panopticon
D:14:     layout_stronghold, grunt_vaults_entry_tiered, chequers_jeans,
          serial_shops, shop_fountains, hangedman_decor_growths, uniq_snorg
D:15:     hangedman_depths_entry_civil_slaughter, layout_stronghold,
          chequers_serial_rivers_micro_c, uniq_josephine
Lair:1:   layout_roguey, beast_lair_carwin_1, grunt_megastairs_5
Lair:2:   layout_big_grid, grunt_megastairs_2, uniq_gastronok
Lair:3:   mu_elephants_graveyard, layout_loops_ring, lemuel_fruit_fields
Lair:4:   layout_cave_pods, skrybe_swamp_entry_bodies,
          nicolae_spider_entry_tight_spaces, special_room
          [special_room_mythical_zoo], nicolae_volcano_entry_lava_flow,
          minivault_11, small_statue_intersection, minmay_lair_oklob_chamber,
          uniq_rupert
Lair:5:   layout_big_grid, slime_altar_2, lemuel_old_faithful
Lair:6:   guppyfry_lair_end_dragon, layout_long_grid, wormcave,
          gammafunk_ghost_cemetery, st_stairs_11
Swamp:1:  layout_falls_marsh, hangedman_swamp_pad
Swamp:2:  layout_basic_swamp, evilmike_swamp_ruin_house_3,
          infiniplex_staircase_pool_2
Swamp:3:  layout_basic_swamp, basic_altar, swamp_pool1
Swamp:4:  swamp_old_school, layout_basic_swamp, ebering_ghost_reflecting_pool,
          swamp_pool3, infiniplex_staircase_pool
Spider:1: layout_spider_delve
Spider:2: layout_spider_delve, minmay_another_anthill
Spider:3: layout_spider_delve, ebering_ghost_xom, worms_lemuel
Spider:4: spider_rune_water, drop_trap, guppyfry_spider_mini_3, uniq_arachne,
          uniq_kirke
Orc:1:    layout_diamond_mine
Orc:2:    st_orc_mages, layout_caves, serial_shops, bzr_entry_road, basic_altar
Elf:1:    eino_elf_arrival_sip, layout_rooms, orc_legates
Elf:2:    layout_onion_city, drop_trap, minmay_misc_feat_columns
Elf:3:    grunt_elf_hall_spiral, layout_loops_corners, minivault_24,
          einodemon_barbed_minivault
Vaults:1: v_misc_27, v_misc_11, vaults_room_grid,
          nicolae_vaults_inception_network,
          nicolae_vaults_windows_and_doors_thing, vaults_mumra_chevron,
          v_rooms_5, ontoclasm_vaults_ring_small, v_misc_33,
          nicolae_vaults_bisected_slash, dpeg_vaults_monster_row, v_misc_15,
          v_misc_22, layout_vaults_maze_snakey
Vaults:2: minmay_crypt_entry_vampire_xt, grunt_vaults_bifocal,
          grunt_vaults_swirl, ontoclasm_vaults_ring_small, v_pattern_3,
          vaults_dpeg_ring, v_misc_13, v_misc_22,
          hangedman_vaults_hard_town_square, layout_vaults_chaotic_city
Vaults:3: v_misc_4, v_misc_26, vaults_room_octagon,
          nicolae_vaults_network_quinsquares
          [nicolae_vaults_network_quincunx_subvault,
          nicolae_vaults_network_quincunx_subvault,
          nicolae_vaults_network_quincunx_subvault,
          nicolae_vaults_network_quincunx_subvault], v_misc_32,
          grunt_vaults_hallway_short, v_misc_14,
          nicolae_vaults_little_squares_1, vaults_room_corners, v_misc_16,
          nicolae_vaults_mini_display_case, nicolae_vaults_little_squares_6,
          ontoclasm_vaults_gateway, vaults_room_pool, nicolae_vaults_murderbox,
          layout_vaults_ring
Vaults:4: vaults_standard_mumra_x, nicolae_vaults_alarming,
          nicolae_vaults_disjoint_gnomons, v_alt_pattern_3, v_misc_25,
          v_misc_24, vaults_room_pool, nicolae_vaults_angled_halls, v_misc_12,
          vaults_mumra_hexcomb, v_alt_pattern_2, grunt_vaults_hallway_long,
          layout_vaults_omnicross

Skill      XL: |  1  2  3  4  5  6  7  8  9 10 11 12 13 14 15 16 17 18 19 20 21 |
---------------+----------------------------------------------------------------+-----
Axes           | 5 6 7 8 9 10 13 16 18 19 20 | 20.0
Armour         | 1 2 3 5 6 7 9 10 11 13 14 15 16 17 18 | 18.6
Fighting       | 4 5 6 8 9 10 11 13 14 15 16 17 18 19 20 | 20.1
Invocations    | 1 3 4 6 8 10 11 13 14 16 17 18 19 20 21 | 21.1
Dodging        | 5 6 8 9 11 12 13 | 13.2
Shields        | 14 15 | 15.0
Stealth        | |  1.5

Action                   |  1- 3 |  4- 6 |  7- 9 | 10-12 | 13-15 | 16-18 | 19-21 || total
-------------------------+-------+-------+-------+-------+-------+-------+-------++-------
Melee: Hand axe          |   123 |   201 |       |       |       |       |       ||   324
       War axe           |       |     4 |   210 |       |       |       |       ||   214
       Broad axe         |       |       |    98 |   368 |   773 |  1299 |  1022 ||  3560
       Flail             |       |       |       |       |    50 |    94 |       ||   144
Throw: Throwing net      |       |       |       |       |     1 |       |       ||     1
 Cast: Apportation       |       |       |       |       |       |       |     1 ||     1
Invok: Convert to Beogh  |       |     1 |       |       |       |       |       ||     1
       Smiting           |       |     2 |     1 |     3 |    15 |    15 |    13 ||    49
       Recall Orcish Fol |       |       |       |     5 |     5 |     6 |    13 ||    29
       Give Item to Name |       |       |       |     2 |       |       |     3 ||     5
Evoke: Wand              |       |       |     5 |       |       |       |       ||     5
  Use: Scroll            |       |     6 |     9 |    12 |    21 |     7 |     6 ||    61
       Potion            |       |     2 |       |       |       |     1 |       ||     3
 Stab: Distracted        |       |       |       |     7 |    13 |     9 |     9 ||    38
       Held in net/web   |       |       |       |       |     1 |       |       ||     1
Armor: Plate armour      |    88 |   116 |   292 |   303 |   428 |       |       ||  1227
       Robe              |     3 |       |       |       |       |       |       ||     3
       Crystal plate arm |       |       |       |       |   255 |  1410 |   415 ||  2080
Dodge: Dodged            |    28 |    52 |   114 |   166 |   427 |   693 |   274 ||  1754
Block: Kite shield       |       |       |       |       |       |  1096 |   530 ||  1626

Table legend: (Time is in decaauts)
 A = Elapsed time spent in this place.
 B = Non-inter-level travel time spent in this place.
 C = Inter-level travel time spent in this place.
 D = Time resting spent in this place.
 E = Time spent auto-exploring this place.
 F = Levels seen in this place.
 G = Mean time per level.
                   A        B        C        D        E       F      G
               +--------+--------+--------+--------+--------+-----+--------+
         Total |  59269 |  55002 |   4267 |  11156 |  34457 |  42 | 1411.2 |
       Dungeon |  19301 |  18030 |   1271 |   1804 |  13494 |  15 | 1286.7 |
          Lair |  12002 |  10842 |   1160 |   1583 |   7958 |   6 | 2000.3 |
         Swamp |   6338 |   6034 |    304 |   1948 |   3085 |   4 | 1584.5 |
   Spider Nest |   6103 |   5775 |    328 |   1569 |   2825 |   4 | 1525.8 |
  Orcish Mines |   3029 |   2403 |    626 |   1192 |    706 |   2 | 1514.5 |
   Elven Halls |   3735 |   3470 |    265 |   1707 |    928 |   3 | 1245.0 |
        Vaults |   7305 |   6994 |    311 |    959 |   4737 |   4 | 1826.2 |
        Bazaar |    150 |    150 |      0 |      0 |    134 |   1 |  150.0 |
        Bailey |    598 |    598 |      0 |    244 |    214 |   1 |  598.0 |
       Volcano |    138 |    138 |      0 |     17 |     89 |   1 |  138.0 |
      Gauntlet |    565 |    565 |      0 |    133 |    287 |   1 |  565.0 |
               +--------+--------+--------+--------+--------+-----+--------+

Top non-repeatable levels by time:
  Lair:6: 3812 daAuts
  Lair:4: 2974 daAuts
Spider:4: 2215 daAuts
   Orc:2: 2211 daAuts
Vaults:3: 2107 daAuts
   Elf:1: 1996 daAuts
Vaults:2: 1968 daAuts
 Swamp:2: 1963 daAuts
     D:8: 1956 daAuts
    D:11: 1949 daAuts
    D:14: 1882 daAuts
Spider:1: 1758 daAuts
Vaults:4: 1700 daAuts
    D:15: 1672 daAuts
 Swamp:1: 1585 daAuts
